 Dungeon Crawl Stone Soup version 0.19-a0-823-gd955774 (webtiles) character file.

399 Lier the Chopper (level 7, -2/54 HPs)
             Began as a Formicid Monk on June 29, 2016.
             Was a Believer of Qazlal.
             Slain by an ogre
             ... wielding a +0 giant spiked club
              (19 damage)
             ... on level 4 of the Dungeon.
             The game lasted 00:12:27 (3877 turns).

Lier the Chopper (Formicid Monk)                    Turns: 3877, Time: 00:12:28

Health: -2/54      AC: 11    Str: 22    XL:     7   Next: 10%
Magic:  9/9        EV:  5    Int:  9    God:    Qazlal [**....]
Gold:   225        SH: 16    Dex: 13    Spells: 0 memorised, 6 levels left

rFire  + . .     SeeInvis +     B - +0 war axe
rCold  . . .     Gourm    .     e - +0 plate armour
rNeg   . . .     Faith    .     n - +3 shield
rPois  .         Spirit   .     (helmet unavailable)
rElec  .         Dismiss  .     (no cloak)
rCorr  .         Reflect  .     r - +0 pair of gloves
SustAt .         Harm     .     (no boots)
MR     .....                    (no amulet)
Stlth  ..........               v - +4 ring of strength
                                u - ring of protection from fire

@: not resistant to hostile enchantments, extremely unstealthy
A: permanent stasis, dig shafts and tunnels, four strong arms, antennae 3
a: Dig, Shaft Self, Upheaval, Renounce Religion


You were on level 4 of the Dungeon.
You worshipped Qazlal.
Qazlal was pleased with you.
You were not hungry.

You visited 1 branch of the dungeon, and saw 4 of its levels.

You collected 225 gold pieces.

Inventory:

Hand Weapons
 a - a +0 hand axe
 B - a +0 war axe (weapon)
Missiles
 s - 33 bolts
Armour
 e - a +0 plate armour (worn)
 n - a +3 shield (worn)
 r - a +0 pair of gloves (worn)
Jewellery
 d - an uncursed amulet of magic regeneration {unknown}
 u - a ring of protection from fire (left hand)
 v - a +4 ring of strength (right hand)
 C - an uncursed ring of fire {unknown}
Wands
 b - a wand of polymorph (14/24)
Scrolls
 i - a scroll of fear
 k - a scroll of noise {unknown}
 m - a scroll of immolation {unknown}
 p - 2 scrolls of magic mapping
 w - a scroll of blinking {unknown}
 y - 2 scrolls of random uselessness {unknown}
 D - a scroll of recharging {unknown}
Potions
 g - a potion of heal wounds
 h - a potion of cure mutation {unknown}
 j - a potion of agility
 q - 3 potions of invisibility
 t - 2 potions of curing
 A - 2 potions of resistance {unknown}
Comestibles
 c - 3 bread rations
 f - a slice of pizza
 l - a meat ration
 o - 2 chunks of flesh
 x - a beef jerky
 z - 7 fruits


   Skills:
 + Level 4.0 Fighting
 * Level 5.7 Axes
 - Level 2.6 Dodging
 - Level 2.4 Stealth
 + Level 3.9 Shields
 + Level 2.6 Invocations


You had 6 spell levels left.
You didn't know any spells.

Dungeon Overview and Level Annotations

Branches:
Dungeon (4/15)             Temple (0/1) D:4

Altars:
Ashenzari
Cheibriados
Kikubaaqudgha
Qazlal


Innate Abilities, Weirdness & Mutations

You are under a permanent stasis effect.
You can dig through walls and to a lower floor.
Your four strong arms can wield two-handed weapons with a shield.
You have a pair of large antennae on your head. (SInv)


Message History

The ogre is moderately wounded.
The ogre hits you with a giant spiked club!
You hit the ogre.
The ogre is heavily wounded.
The ogre barely misses you.
You barely miss the ogre.
The ogre is heavily wounded.
The ogre completely misses you.
You hit the ogre.
The ogre is severely wounded.
The ogre closely misses you.
You hit the ogre.
The ogre is severely wounded.
Your shield and plate armour prevent you from hitting the ogre.
The ogre is severely wounded.
The ogre hits you with a giant spiked club!
Your shield and plate armour prevent you from hitting the ogre.
The ogre is severely wounded.
The ogre hits you with a giant spiked club!!
You die...

....................#
..........>..###..###
...##..#......##..#
..).......[.......#
...)†.........##.##
......##.#.......#
...##..........oo#
...#####..######O# ...# ##.#
###@# #.## #.# #...# #.# #.#
#.### # #.# #.# #.### # #.#
#.# #.#.########### # #.#
#.# #>......(.....# #
#.#######.####...........#.#
#
#.#...........[.....####.#.#
#
#.#.#####................#.#
#


You could see an ogre and 2 orcs.

Vanquished Creatures
  A howler monkey (D:4)
  3 orc wizards
  2 orc priests (D:3)
  2 worker ants (D:4)
  Robin (D:4)
  4 gnolls (D:3)
  2 adders
  An ooze (D:2)
  4 worms
  2 dart slugs (D:3)
  5 giant geckos
  12 orcs
  4 giant cockroaches
  16 goblins
  9 hobgoblins
  2 kobolds
  A quokka (D:2)
  A ball python (D:3)
  4 bats
  4 giant newts
  4 rats
84 creatures vanquished.

Vanquished Creatures (others)
  A human (D:2)
1 creature vanquished.

Grand Total: 85 creatures vanquished

Notes
Turn   | Place    | Note
--------------------------------------------------------------
     0 | D:1      | Lier the Formicid Monk began the quest for the Orb.
     0 | D:1      | Reached XP level 1. HP: 18/18 MP: 1/1
   258 | D:1      | Reached XP level 2. HP: 11/24 MP: 2/2
  1118 | D:1      | Reached XP level 3. HP: 29/29 MP: 3/3
  1157 | D:2      | Reached skill level 1 in Shields
  1276 | D:2      | Reached skill level 4 in Axes
  1587 | D:2      | Found a shattered altar of Ashenzari.
  1662 | D:2      | Found an ancient bone altar of Kikubaaqudgha.
  1664 | D:2      | Noticed a human
  1666 | D:2      | Killed a human
  1720 | D:2      | Reached XP level 4. HP: 35/35 MP: 4/4
  1986 | D:3      | Found a stormy altar of Qazlal.
  1996 | D:3      | Became a worshipper of Qazlal Stormbringer
  1996 | D:3      | Reached * piety under Qazlal
  1996 | D:3      | Reached ** piety under Qazlal
  2030 | D:3      | Found a snail-covered altar of Cheibriados.
  2087 | D:3      | Reached XP level 5. HP: 22/41 MP: 5/5
  3054 | D:3      | Reached skill level 1 in Invocations
  3075 | D:3      | Reached skill level 5 in Axes
  3075 | D:3      | Reached XP level 6. HP: 12/48 MP: 5/7
  3595 | D:4      | Noticed Robin
  3599 | D:4      | Killed Robin
  3749 | D:4      | Reached XP level 7. HP: 53/53 MP: 8/8
  3829 | D:4      | Found a staircase to the Ecumenical Temple.
  3877 | D:4      | Slain by an ogre

Vault maps used:
D:1:      co_arrival_random_square_maze
D:2:      nicolae_ashenzari_panopticon, first_bread, tgw_kikubaaqudgha
D:3:      kennysheep_slug_shrine, nicolae_overflow_crystal_walls
D:4:      corexii_leaking_fountain, uniq_robin

Skill      XL: |  1  2  3  4  5  6  7 |
---------------+----------------------+-----
Shields        | 1 3 |  3.9
Axes           | 4 5 |  5.7
Invocations    | 1 2 |  2.6
Fighting       | 4 |  4.0
Dodging        | |  2.6
Stealth        | |  2.4

Action                   |  1- 3 |  4- 6 |  7- 9 || total
-------------------------+-------+-------+-------++-------
Melee: Hand axe          |   129 |   166 |       ||   295
       War axe           |       |    31 |    23 ||    54
 Abil: Dig               |     1 |       |       ||     1
  Use: Scroll            |       |    14 |       ||    14
  Eat: Chunk             |     3 |     6 |     1 ||    10
Armor: Plate armour      |    74 |    77 |     4 ||   155
Dodge: Dodged            |    13 |    16 |     5 ||    34
Block: Shield            |    26 |   143 |    11 ||   180
